 Dungeon Crawl Stone Soup version 0.31-a0-246-g8cbcc1cb85 (webtiles) character file.

Game seed: 13150838846797466671

53 qw the Shooter (level 3, -3/21 HPs)
             Began as a Gargoyle Hexslinger on July 12, 2023.
             Slain by Terence
             ... wielding a +0 trident
              (4 damage)
             ... on level 2 of the Dungeon.
             The game lasted 00:00:30 (1299 turns).

qw the Shooter (Gargoyle Hexslinger)                Turns: 1299, Time: 00:00:30

Health: -3/21      AC:  6    Str: 11    XL:     3   Next: 89%
Magic:  4/4        EV: 11    Int: 13    God:
Gold:   83         SH:  0    Dex: 14    Spells: 3/4 levels left

rFire   . . .        Y - +2 sling
rCold   . . .        (no shield)
rNeg    + . .        g - +0 leather armour
rPois   inf          (no helmet)
rElec   +            (no cloak)
rCorr   .            (no gloves)
SInv    +            (no boots)
Will    .....        (no amulet)
Stlth   +            l - ring of see invisible
HPRegen 0.23/turn    (no ring)
MPRegen 0.09/turn

%: no passive effects
@: attractive
A: sickness immunity, AC +3, negative energy resistance 1, electricity
resistance, torment resistance 1, petrification resistance
a: no special abilities


You were on level 2 of the Dungeon.
You visited 1 branch of the dungeon, and saw 2 of its levels.

You collected 83 gold pieces.


Innate Abilities, Weirdness & Mutations

You are immune to sickness and miasma.
Your stone body is resilient. (AC +3)
You are immune to poison.
You resist negative energy. (rN+)
You are resistant to electric shocks. (rElec)
You are resistant to unholy torment.
You are immune to petrification.


   Skills:
 - Level 2.0 Fighting
 + Level 3.7 Ranged Weapons
 - Level 1.5 Dodging
 - Level 1.0 Spellcasting
 - Level 2.6 Hexes


You had 3 spell levels left.
You knew the following spells:

 Your Spells              Type           Power      Damage    Failure   Level
a - Slow                  Hex            28%        N/A       12%         1

Your spell library contained the following spells:

 Spells                   Type           Power      Damage    Failure   Level
 Inner Flame              Hex/Fire       4%         N/A       54%         3
 Portal Projectile        Hex/Tloc       8%         N/A       54%         3
 Cause Fear               Hex            3%         N/A       77%         4

Inventory:

Hand Weapons
 Y - a +2 sling (weapon)
Armour
 g - a +0 leather armour (worn)
Jewellery
 l - a ring of see invisible (left hand)
Potions
 a - a potion of curing {unknown}
 e - a potion of heal wounds {unknown}
 h - a potion of haste {unknown}
 j - a potion of attraction

Dungeon Overview and Level Annotations

Branches:
Dungeon (2/15)

Altars:

Annotations:
D:2 Terence


Message History

You start resting.
Terence is nearby!
Enter note:
Enter note:
Enter note:
Enter note:
Enter note:
Enter note:
1297 ||| READING scroll labelled QEMIUREMERU.
As you read the scroll labelled QEMIUREMERU, it crumbles to dust.
You feel aware of your surroundings.
You sensed 1 altar.
It was a scroll of revelation.
Terence hits you from afar with a +0 trident.
Enter note:
Enter note:
Enter note:
Enter note:
Enter note:
Enter note:
Enter note:
Enter note:
Enter note:
Enter note:
Enter note:
Enter note:
Enter note:
Enter note:
Enter note:
Enter note:
Enter note:
Enter note:
Enter note:
Enter note:
Enter note:
Enter note:
Enter note:
1299 ||| DRINKING 2 clear potions.
It was a potion of attraction.
You feel attractive to monsters.
Terence hits you from afar with a +0 trident.
You die...

#.#)............#.##.#
###.#############.#.##.#
###.............#.#[##.#
###############.#.#.##.#
###...............#.##)#
###.##########..#.#.##.#
###.##.......#..#.#.##.#
###.##@#####.#..#.....[##
###.##..@..#.#..##.......
###.######.#.#####.######
###........#.### #.#
#########..#.### #.# ####
###.....#..#.#####.###...
###.###.#>.#.............
###.###.#..#######.....##
###.###.#..##### #######
#.#......#


You could see Terence.

Vanquished Creatures
  An adder (D:2)
  A dart slug (D:2)
  8 ball pythons
  2 endoplasms
  3 goblins
  4 hobgoblins
  3 jackals
  2 quokkas (D:1)
  4 bats
  2 frilled lizards (D:1)
  5 kobolds (D:1)
  5 rats
40 creatures vanquished.

Notes
Turn   | Place    | Note
-------+----------+-------------------------------------------
     0 | D:1      | qw the Gargoyle Hexslinger began the quest for the Orb.
     0 | D:1      | Reached XP level 1. HP: 12/12 MP: 2/2
     0 | D:1      | 0 ||| qw: Version: 0.3-a-52-g30416fa
     0 | D:1      | 0 ||| qw: Game counter: 6448
     0 | D:1      | 0 ||| qw: Melee chars always use a shield: true
     0 | D:1      | 0 ||| qw: God list: Okawaru
     0 | D:1      | 0 ||| qw: Allow faded altars: false
     0 | D:1      | 0 ||| qw: Do Orc after clearing Dungeon:15 true
     0 | D:1      | 0 ||| qw: Do second Lair branch before Depths: true
     0 | D:1      | 0 ||| qw: Lair rune preference: random
     0 | D:1      | 0 ||| qw: Goals: Normal
     0 | D:1      | 0 ||| PLANNING D:1-11
   105 | D:1      | Reached XP level 2. HP: 16/16 MP: 3/3
   341 | D:1      | Reached skill level 3 in Ranged Weapons
   534 | D:1      | Reached XP level 3. HP: 12/21 MP: 4/4
   711 | D:1      | 711 ||| UPGRADING to +0 leather armour.
   721 | D:1      | 721 ||| DROPPING +0 robe.
   722 | D:1      | 722 ||| UPGRADING to ring of see invisible.
   723 | D:1      | 723 ||| READING scroll labelled BAMORINULE.
   727 | D:1      | 727 ||| READING scroll labelled JEKHLAZ WUIBA.
   728 | D:1      | 728 ||| READING scroll labelled UGINKEKUES.
   729 | D:1      | 729 ||| READING scroll labelled XETU COETAMP.
   730 | D:1      | 730 ||| DROPPING scroll of poison.
   788 | D:2      | 788 ||| STAIRDANCE
  1285 | D:2      | Noticed Terence
  1294 | D:2      | 1294 ||| READING scroll labelled RUMUMIMAPS.
  1297 | D:2      | 1297 ||| READING scroll labelled QEMIUREMERU.
  1297 | D:2      | HP: 1/21 [Terence/+0 trident (6)]
  1299 | D:2      | 1299 ||| DRINKING 2 clear potions.
  1299 | D:2      | Slain by Terence

Levels and vault maps discovered:
D:1:      ncdulo_wetmaze, layout_loops_ring
D:2:      layout_basic, hellmonk_ecumenical_altar_lost_god, uniq_terence,
          uniq_sigmund

Skill      XL: |  1  2 |
---------------+-------+-----
Ranged Weapons | 3 |  3.7
Fighting       | 2 |  2.0
Dodging        | |  1.5
Spellcasting   | |  1.0
Hexes          | |  2.6

Action                     || total
---------------------------++-------
   Fire: Sling             ||   117
    Use: Scroll            ||     6
         Potion            ||     1
 Armour: Robe              ||    10
         Leather armour    ||     9
  Dodge: Dodged            ||    47

Table legend:
 A = Non-vault XP
 B = Vault XP
 C = Vault XP percentage of total XP
 D = Non-vault monster count
 E = Vault monster count
 F = Vault count percentage of total count
                 A         B        C        D         E       F
            +---------+---------+-------+---------+---------+-------
      Total |      77 |       0 |   0.0 |      40 |       0 |   0.0
            +---------+---------+-------+---------+---------+-------
        D:1 |      40 |       0 |   0.0 |      25 |       0 |   0.0
        D:2 |      37 |       0 |   0.0 |      15 |       0 |   0.0
            +---------+---------+-------+---------+---------+-------
